 Dungeon Crawl Stone Soup version 0.21-a0-509-gecc5317 (webtiles) character file.

841 dorian the Charmwright (level 8, -1/63 HPs)
             Began as a Gnoll Skald on Nov 30, 2017.
             Slain by Swippen's ghost (8 damage)
             ... on level 4 of the Dungeon.
             The game lasted 00:11:50 (5943 turns).

dorian the Charmwright (Gnoll Skald)                Turns: 5943, Time: 00:11:53

Health: -1/63      AC: 14    Str: 17    XL:     8   Next: 0%
Magic:  14/16      EV: 11    Int: 15    God:
Gold:   133        SH:  9    Dex: 14    Spells: 15/18 levels left

rFire    x . .     SeeInvis .   s - +0 mace (protect)
rCold    + . .     Gourm    .   o - +0 shield
rNeg     . . .     Faith    .   z - +0 ring mail
rPois    .         Spirit   .   (no helmet)
rElec    .         Reflect  .   (no cloak)
rCorr    .         Harm     .   q - +0 pair of gloves
MR       .....                  (no boots)
Stlth    ++........             (no amulet)
HPRegen  0.20/turn              m - ring of ice
MPRegen  0.15/turn              (no ring)

@: protection aura
A: distributed training, fangs 1, strong nose
a: no special abilities


You were on level 4 of the Dungeon.
You were not hungry.

You visited 2 branches of the dungeon, and saw 5 of its levels.

You collected 133 gold pieces.

Inventory:

Hand Weapons
 a - a +0 falchion
 s - a +0 mace of protection (weapon)
 w - a +0 battleaxe
Armour
 b - a +0 leather armour
 g - a +0 chain mail
 o - a +0 shield (worn)
 p - a +0 scale mail
 q - a +0 pair of gloves (worn)
 z - a +0 ring mail (worn)
Jewellery
 h - an uncursed amulet of inaccuracy
 m - a ring of ice (left hand)
Scrolls
 e - 4 scrolls of amnesia {unknown}
 f - a scroll of enchant weapon {unknown}
 j - 3 scrolls of identify
 r - a scroll of teleportation {unknown}
 t - a scroll of fog {unknown}
 v - 2 scrolls of blinking {unknown}
 y - a scroll of magic mapping {unknown}
Potions
 i - a potion of ambrosia
 l - a potion of lignification {unknown}
 u - a potion of heal wounds {unknown}
 x - a potion of degeneration {unknown}
Books
 c - a book of Battle

   Spells                             Type                      Level
   a - Infusion                       Charms                       1
   b - Shroud of Golubria             Charms/Translocation         2
   c - Song of Slaying                Charms                       2
   d - Spectral Weapon                Hexes/Charms                 3
   e - Regeneration                   Charms/Necromancy            3
Comestibles
 d - 4 bread rations
 k - a fruit
 n - 2 meat rations


   Skills:
 + Level 5.4 Fighting
 + Level 2.8 Short Blades
 + Level 5.4 Long Blades
 + Level 2.8 Axes
 + Level 2.8 Maces & Flails
 + Level 2.8 Polearms
 + Level 2.8 Staves
 + Level 2.8 Slings
 + Level 2.8 Bows
 + Level 2.8 Crossbows
 + Level 2.8 Throwing
 + Level 3.8 Armour
 + Level 5.4 Dodging
 + Level 2.8 Stealth
 + Level 2.8 Shields
 + Level 2.8 Unarmed Combat
 + Level 5.8 Spellcasting
 + Level 2.2 Conjurations
 + Level 2.2 Hexes
 + Level 5.9 Charms
 + Level 2.2 Summonings
 + Level 2.2 Necromancy
 + Level 2.2 Translocations
 + Level 2.2 Transmutations
 + Level 2.2 Fire Magic
 + Level 2.2 Ice Magic
 + Level 2.2 Air Magic
 + Level 2.2 Earth Magic
 + Level 2.2 Poison Magic
 + Level 3.1 Invocations
 + Level 2.8 Evocations


You had 15 spell levels left.
You knew the following spells:

 Your Spells              Type           Power        Failure   Level  Hunger
a - Infusion              Chrm           ###.         11%         1    None
b - Song of Slaying       Chrm           ###.....     17%         2    #......


Dungeon Overview and Level Annotations

Branches:
Dungeon (4/15)             Temple (1/1) D:4

Altars:
Cheibriados
Elyvilon
Gozag
Kikubaaqudgha
Makhleb
Nemelex Xobeh
Qazlal
Ru
Uskayaw
Vehumet
Wu Jian
Xom
Yredelemnul
Zin
The Shining One

Annotations:
D:4 Swippen's ghost, amateur GrFi


Innate Abilities, Weirdness & Mutations

Your experience applies equally to all skills.
You have very sharp teeth.
Your uncanny sense of smell can sniff out nearby items.


Message History

Swippen's ghost is almost destroyed.
Swippen's ghost barely misses you. You block Swippen's ghost's attack.
You hit Swippen's ghost but do no damage.
Swippen's ghost is almost destroyed.
You are no longer magically infusing your attacks.
You block Swippen's ghost's attack.
You hit Swippen's ghost but do no damage.
Swippen's ghost is almost destroyed.
Swippen's ghost misses you.
You hit Swippen's ghost but do no damage.
Swippen's ghost is almost destroyed.
Swippen's ghost whispers, "Everlasting silence awaits you..."
You block Swippen's ghost's attack.
You hit Swippen's ghost but do no damage.
Your bite misses Swippen's ghost.
Swippen's ghost is almost destroyed.
Swippen's ghost hits you!
* * * LOW HITPOINT WARNING * * *
Swippen's ghost hits you!
You die...

#.##.........#≈≈≈≈#.#≈≈≈≈# #..
#.##.......(>#≈≈≈≈#.#≈≈≈≈# #.$
.............#≈≈≈≈#.#≈≈≈≈# #..
##..........#######.###### ##..
####.........#......# ##.# ##...
# #.........#.###### #..####...)
# #..>....<...### ##.##.((.(##
####............>#####..#..#
#[.#########...........#..#######
.................................
.##########....#................#
.# ##.##<...........####### .#
#..#............## .#
###....#.......##.#


You could see Swippen's ghost.

Vanquished Creatures
  Menkaure (D:4)
  An ice beast (D:4)
  2 ogres
  A centaur (D:4)
  A vampire bat (D:3)
  2 hounds
  An orc priest (D:3)
  An orc wizard (D:4)
  4 gnolls (D:4)
  2 adders
  2 oozes (D:1)
  4 worms
  A dart slug (D:1)
  3 fire bats (D:3)
  16 orcs
  2 spectral bats (D:3)
  A ball python (D:4)
  12 bats
  3 bat skeletons (D:3)
  A bat zombie (D:3)
  2 giant cockroaches (D:3)
  3 goblins
  4 hobgoblins
  3 kobolds
  4 quokkas
  A bat simulacrum (D:3)
  4 frilled lizards
  4 rats
86 creatures vanquished.

Notes
Turn   | Place    | Note
-------+----------+-------------------------------------------
     0 | D:1      | dorian the Gnoll Skald began the quest for the Orb.
     0 | D:1      | Reached XP level 1. HP: 20/20 MP: 6/6
   197 | D:1      | Reached XP level 2. HP: 17/26 MP: 7/7
   838 | D:2      | Reached skill level 5 in Spellcasting
   838 | D:2      | Reached XP level 3. HP: 24/31 MP: 6/9
  1727 | D:3      | Reached skill level 1 in Invocations
  2228 | D:3      | Reached skill level 1 in Short Blades
  2228 | D:3      | Reached skill level 1 in Axes
  2228 | D:3      | Reached skill level 1 in Maces & Flails
  2228 | D:3      | Reached skill level 1 in Polearms
  2228 | D:3      | Reached skill level 1 in Staves
  2228 | D:3      | Reached skill level 1 in Slings
  2228 | D:3      | Reached skill level 1 in Bows
  2228 | D:3      | Reached skill level 1 in Crossbows
  2228 | D:3      | Reached skill level 1 in Throwing
  2228 | D:3      | Reached skill level 1 in Stealth
  2228 | D:3      | Reached skill level 1 in Shields
  2228 | D:3      | Reached skill level 1 in Unarmed Combat
  2228 | D:3      | Reached skill level 1 in Evocations
  2228 | D:3      | Reached XP level 4. HP: 27/38 MP: 11/11
  2344 | D:3      | Found an ornate altar of the Wu Jian Council.
  2396 | D:3      | Reached skill level 1 in Conjurations
  2396 | D:3      | Reached skill level 1 in Hexes
  2396 | D:3      | Reached skill level 1 in Summonings
  2396 | D:3      | Reached skill level 1 in Necromancy
  2396 | D:3      | Reached skill level 1 in Translocations
  2396 | D:3      | Reached skill level 1 in Transmutations
  2396 | D:3      | Reached skill level 1 in Fire Magic
  2396 | D:3      | Reached skill level 1 in Ice Magic
  2396 | D:3      | Reached skill level 1 in Air Magic
  2396 | D:3      | Reached skill level 1 in Earth Magic
  2396 | D:3      | Reached skill level 1 in Poison Magic
  2965 | D:3      | Reached XP level 5. HP: 43/43 MP: 12/12
  3114 | D:3      | Reached XP level 6. HP: 50/50 MP: 13/13
  3322 | D:4      | Noticed Menkaure
  3430 | D:2      | Learned a level 2 spell: Song of Slaying
  3518 | D:4      | Reached skill level 5 in Fighting
  3518 | D:4      | Reached skill level 5 in Long Blades
  3518 | D:4      | Reached skill level 5 in Dodging
  3806 | D:4      | Killed Menkaure
  3806 | D:4      | Reached XP level 7. HP: 22/56 MP: 10/15
  3866 | D:4      | Noticed Swippen's ghost (amateur GrFi)
  5124 | D:4      | Noticed a hippogriff
  5354 | D:4      | Found a staircase to the Ecumenical Temple.
  5363 | Temple   | Entered the Ecumenical Temple
  5837 | D:4      | Reached XP level 8. HP: 50/63 MP: 12/16
  5943 | D:4      | Slain by Swippen's ghost

Vault maps used:
D:1:      roderic_chinese_lattice_arrival
D:2:      serial_curves, eino_curves_01, eino_curves_01,
          minmay_misc_feat_diagonals
D:3:      nicolae_overflow_crystal_walls, goddamned_bats
D:4:      minmay_temple_entry_poolview, lightli_corner_chamber, uniq_menkaure
Temple:   eino_narrow_crystal_temple

Skill      XL: |  1  2  3  4  5  6  7 |
---------------+----------------------+-----
Spellcasting   | 5 |  5.8
Invocations    | 1 2 3 |  3.1
Short Blades   | 1 2 |  2.8
Axes           | 1 2 |  2.8
Maces & Flails | 1 2 |  2.8
Polearms       | 1 2 |  2.8
Staves         | 1 2 |  2.8
Slings         | 1 2 |  2.8
Bows           | 1 2 |  2.8
Crossbows      | 1 2 |  2.8
Throwing       | 1 2 |  2.8
Stealth        | 1 2 |  2.8
Shields        | 1 2 |  2.8
Unarmed Combat | 1 2 |  2.8
Evocations     | 1 2 |  2.8
Conjurations   | 1 2 |  2.2
Hexes          | 1 2 |  2.2
Summonings     | 1 2 |  2.2
Necromancy     | 1 2 |  2.2
Translocations | 1 2 |  2.2
Transmutations | 1 2 |  2.2
Fire Magic     | 1 2 |  2.2
Ice Magic      | 1 2 |  2.2
Air Magic      | 1 2 |  2.2
Earth Magic    | 1 2 |  2.2
Poison Magic   | 1 2 |  2.2
Armour         | 3 |  3.8
Fighting       | 5 |  5.4
Long Blades    | 5 |  5.4
Dodging        | 5 |  5.4
Charms         | |  5.9

Action                   |  1- 3 |  4- 6 |  7- 9 || total
-------------------------+-------+-------+-------++-------
Melee: Falchion          |    73 |    48 |       ||   121
       Bite              |     9 |    17 |    25 ||    51
       Mace              |       |   121 |   155 ||   276
 Cast: Infusion          |     1 |     2 |     8 ||    11
       Song of Slaying   |       |       |     2 ||     2
  Use: Scroll            |     2 |       |       ||     2
  Eat: Chunk             |     4 |     4 |     4 ||    12
       Fruit             |       |     2 |     1 ||     3
       Royal jelly       |       |       |     1 ||     1
Armor: Leather armour    |     6 |     1 |     9 ||    16
       Chain mail        |    18 |   229 |       ||   247
       Ring mail         |       |       |    44 ||    44
Dodge: Dodged            |    29 |   146 |    93 ||   268
Block: Shield            |       |     4 |    86 ||    90
       Rpst.: Falchion   |    17 |     6 |       ||    23

Table legend:
 A = Spawn XP
 B = Non-spawn XP
 C = Spawn XP percentage of total XP
 D = Spawn monster count
 E = Non-spawn monster count
 F = Spawn count percentage of total count
 G = Total turns spent on level
                    A         B        C        D         E        F      G
               +---------+---------+-------+---------+---------+-------+---------
         Total |       0 |    1202 |   0.0 |       0 |      86 |   0.0 |  5943
               +---------+---------+-------+---------+---------+-------+---------
           D:1 |       0 |      29 |   0.0 |       0 |      10 |   0.0 |   778
           D:2 |       0 |      29 |   0.0 |       0 |       8 |   0.0 |  1675
           D:3 |       0 |     444 |   0.0 |       0 |      47 |   0.0 |  2211
           D:4 |       0 |     700 |   0.0 |       0 |      21 |   0.0 |  1057
               +---------+---------+-------+---------+---------+-------+---------
